 Dungeon Crawl Stone Soup version 0.31-a0-152-g6aa68a64a1 (webtiles) character file.

Game seed: 3139811480373278113

218 qw the Shooter (level 5, -7/46 HPs)
             Began as a Minotaur Hunter on June 9, 2023.
             Was an Initiate of Okawaru.
             Mangled by Duvessa
             ... wielding a +2 short sword of protection
              (9 damage)
             ... on level 4 of the Dungeon.
             The game lasted 00:01:06 (2631 turns).

qw the Shooter (Minotaur Hunter)                    Turns: 2631, Time: 00:01:07

Health: -7/46      AC:  6    Str: 16    XL:     5   Next: 63%
Magic:  4/4        EV: 12    Int:  6    God:    Okawaru [......]
Gold:   168        SH:  0    Dex: 21    Spells: 4/4 levels left

rFire   . . .        Y - +0 shortbow
rCold   + . .        (shield currently unavailable)
rNeg    . . .        l - +1 ring mail {rC+}
rPois   .            (helmet restricted)
rElec   .            (no cloak)
rCorr   .            (no gloves)
SInv    .            (no boots)
Will    .....        (no amulet)
Stlth   ++           m - +4 ring of slaying {mikee}
HPRegen 0.27/turn    d - +6 ring of dexterity
MPRegen 0.09/turn

%: clarity
@: no status effects
A: horns 2, retaliatory headbutt, talons 1, clarity, sturdy frame 1
a: Renounce Religion


You were on level 4 of the Dungeon.
You worshipped Okawaru.
Okawaru was noncommittal.
You visited 1 branch of the dungeon, and saw 4 of its levels.

You collected 168 gold pieces.


Innate Abilities, Weirdness & Mutations

You have a pair of horns on your head.
You reflexively headbutt those who attack you in melee.
You have sharp toenails.
You possess an exceptional clarity of mind.
Your movements are slightly less encumbered by armour. (ER -2)


   Skills:
 - Level 4.0 Fighting
 + Level 6.9 Ranged Weapons
 - Level 1.1 Armour
 - Level 2.1 Dodging
 - Level 0.7 Stealth


You had 4 spell levels left.
You didn't know any spells.
Your spell library was empty.

Inventory:

Hand Weapons
 Y - a +0 shortbow (weapon)
Armour
 l - a +1 ring mail of cold resistance (worn)
Jewellery
 d - a +6 ring of dexterity (right hand)
 m - a +4 ring of slaying (left hand) {mikee}
Scrolls
 h - a scroll of identify
Potions
 a - a potion of haste
 b - a potion of degeneration {unknown}
 e - a potion of cancellation {unknown}
 f - a potion of mutation
 k - a potion of curing {unknown}
 n - a potion of ambrosia {unknown}

Dungeon Overview and Level Annotations

Branches:
Dungeon (4/15)
 Temple: D:4-7

Altars:
Okawaru

Annotations:
D:3 3 runed translucent doors, qw's ghost, amateur GrFi
D:4 Duvessa


Message History

Duvessa says, "When magic and the sword combine, nothing stands against them."
Duvessa barely misses you. You furiously retaliate!
You headbutt Duvessa. You shoot an arrow. The arrow hits Duvessa.
Duvessa is moderately wounded.
Duvessa gestures with her weapon.
Duvessa hits you with a +2 short sword of protection.
You shoot an arrow. The arrow hits Duvessa.
Duvessa is moderately wounded.
Duvessa says, "Where magic fails, the sword succeeds!"
Duvessa hits you with a +2 short sword of protection.
You shoot an arrow.
The arrow hits Duvessa but does no damage.
Duvessa is moderately wounded.
Duvessa barely misses you.
You shoot an arrow. The arrow closely misses Duvessa.
Duvessa hits you with a +2 short sword of protection.
You shoot an arrow. The arrow hits Duvessa.
Duvessa is heavily wounded.
Duvessa hits you with a +2 short sword of protection.
You shoot an arrow. The arrow closely misses Duvessa.
Duvessa hits you with a +2 short sword of protection.
You shoot an arrow. The arrow barely misses Duvessa.
Duvessa hits you with a +2 short sword of protection!
You shoot an arrow. The arrow barely misses Duvessa.
Duvessa hits you with a +2 short sword of protection.
Duvessa says, "When magic and the sword combine, nothing stands against them."
Duvessa hits you with a +2 short sword of protection!
You shoot an arrow. The arrow hits Duvessa.
Duvessa is heavily wounded.
Duvessa hits you with a +2 short sword of protection.
You shoot an arrow. The arrow hits Duvessa!
Duvessa is severely wounded.
Duvessa barely misses you.
You shoot an arrow. The arrow hits Duvessa.
Duvessa is almost dead.
Duvessa drinks a potion.
Duvessa is healed!
You shoot an arrow. The arrow hits Duvessa.
Duvessa is severely wounded.
Duvessa hits you with a +2 short sword of protection!
You die...

#......#.. #########
##'###.#.. #.?.....#
#....#.##. #.......#
#....#..#. #.......#
#....#..#.
##.......####....####.
#.....###.........# ##
#.....#...........# #
#....@+...#.......# #
#....e##+##.......# #
#...... .......... .
#....... .............
#.....................
#....................
#..........#####...
...........+


You could see Duvessa.

Vanquished Creatures
  2 hounds (D:3)
  Robin (D:3)
  A gnoll (D:3)
  4 adders (D:3)
  2 worms
  A dart slug (D:1)
  3 orcs (D:3)
  5 endoplasms
  4 giant cockroaches
  20 goblins
  10 hobgoblins
  3 jackals (D:3)
  5 quokkas
  6 ball pythons
  6 bats
  3 frilled lizards
  6 kobolds
  4 rats
86 creatures vanquished.

Notes
Turn   | Place    | Note
-------+----------+-------------------------------------------
     0 | D:1      | qw the Minotaur Hunter began the quest for the Orb.
     0 | D:1      | Reached XP level 1. HP: 18/18 MP: 0/0
     0 | D:1      | 0 ||| qw: Version: 0.2-a-122-g1db1318
     0 | D:1      | 0 ||| qw: Game counter: 3239
     0 | D:1      | 0 ||| qw: Always use a shield: true
     0 | D:1      | 0 ||| qw: God list: Okawaru
     0 | D:1      | 0 ||| qw: Allow faded altars: false
     0 | D:1      | 0 ||| qw: Do Orc after D:15 true
     0 | D:1      | 0 ||| qw: Do second Lair branch before Depths: true
     0 | D:1      | 0 ||| qw: Lair rune preference: random
     0 | D:1      | 0 ||| qw: Plans: Normal
     0 | D:1      | 0 ||| PLANNING D:1-11
   270 | D:1      | Reached XP level 2. HP: 25/25 MP: 1/1
   281 | D:1      | Reached skill level 5 in Ranged Weapons
   417 | D:1      | Reached skill level 3 in Fighting
   614 | D:1      | 614 ||| UPGRADING to +1 ring mail of cold resistance.
   624 | D:1      | 624 ||| DROPPING +0 leather armour.
   625 | D:1      | 625 ||| UPGRADING to +4 ring of slaying {mikee}.
   626 | D:1      | 626 ||| READING scroll labelled VECURA MIXZO.
   627 | D:1      | 627 ||| READING scroll labelled AMOYJA OBINGI.
   628 | D:1      | 628 ||| READING scroll labelled KOSEV JUTEEWEAS.
   629 | D:1      | 629 ||| READING 2 scrolls labelled HOADIQ NUTU.
   630 | D:1      | 630 ||| READING scroll labelled PIVODGHULOPS.
   631 | D:1      | 631 ||| DRINKING 2 purple potions.
   631 | D:1      | Gained mutation: You possess an exceptional clarity of
                  | mind. [potion of mutation]
   631 | D:1      | Gained mutation: Your movements are slightly less
                  | encumbered by armour. (ER -2) [potion of mutation]
   631 | D:1      | Gained mutation: You have sharp toenails. [potion of
                  | mutation]
   632 | D:1      | 632 ||| DROPPING scroll of butterflies.
   634 | D:1      | 634 ||| Stepping ~*~*~tactically~*~*~ (cloud).
   642 | D:1      | HP: 6/26 [poisoned by you (poison gas)]
   792 | D:2      | Reached skill level 1 in Armour
   792 | D:2      | Reached XP level 3. HP: 29/31 MP: 2/2
  1397 | D:2      | Found a faded altar of an unknown god.
  1404 | D:2      | 1404 ||| UPGRADING to +6 ring of dexterity.
  1405 | D:2      | 1405 ||| DROPPING ring of ice.
  1406 | D:2      | 1406 ||| READING scroll labelled ZUEDIQ EDAERA.
  1410 | D:2      | 1410 ||| READING scroll labelled MUNORCH NETAA.
  1463 | D:2      | 1463 ||| READING 2 scrolls of identify.
  1463 | D:2      | 1463 ||| IDENTIFYING fuming clear potion
  1464 | D:2      | 1464 ||| DROPPING potion of brilliance.
  1639 | D:3      | Found an iron altar of Okawaru.
  1640 | D:3      | 1640 ||| PLANNING OKAWARU WORSHIP
  1644 | D:3      | Became a worshipper of Warmaster Okawaru
  1644 | D:3      | 1644 ||| PLANNING D:1-11
  1673 | D:3      | Reached XP level 4. HP: 38/38 MP: 3/3
  1754 | D:3      | Reached skill level 6 in Ranged Weapons
  2095 | D:3      | Noticed Robin
  2102 | D:3      | Killed Robin
  2103 | D:3      | Reached XP level 5. HP: 46/46 MP: 4/4
  2271 | D:3      | Found a runed translucent gate.
  2271 | D:3      | Found a runed translucent gate.
  2272 | D:3      | Found a runed translucent gate.
  2274 | D:3      | Noticed qw's ghost (amateur GrFi)
  2532 | D:3      | 2532 ||| READING 2 scrolls of identify.
  2532 | D:3      | 2532 ||| IDENTIFYING fizzy purple potion
  2613 | D:4      | Noticed Duvessa
  2627 | D:4      | HP: 5/46 [Duvessa/+2 short sword of protection (8)]
  2628 | D:4      | HP: 1/46 [Duvessa/+2 short sword of protection (4)]
  2631 | D:4      | Mangled by Duvessa

Levels and vault maps discovered:
D:1:      roderic_octagonal_star, layout_basic, chequers_serial_rivers_micro_d
D:2:      layout_loops_cross, hellmonk_ecumenical_altar_inner_sanctum
D:3:      layout_loops_corners, marbit_many_paths, ebering_ghost_rock_garden,
          cheibrodos_gnoll_hut, uniq_robin
D:4:      layout_gridville, mainiacjoe_overflow_cross_hatched,
          minmay_temple_entry_arrows, minmay_rat_hole, uniq_ijyb, uniq_duvessa

Skill      XL: |  1  2  3  4 |
---------------+-------------+-----
Ranged Weapons | 5 6 |  6.9
Fighting       | 3 4 |  4.0
Armour         | 1 |  1.1
Dodging        | |  2.1
Stealth        | |  0.7

Action                     |  1- 3 |  4- 6 || total
---------------------------+-------+-------++-------
   Fire: Shortbow          |   132 |    82 ||   214
    Use: Scroll            |     8 |     1 ||     9
         Potion            |     1 |       ||     1
 Armour: Leather armour    |    10 |       ||    10
         Ring mail         |     3 |     2 ||     5
  Dodge: Dodged            |    25 |    20 ||    45

Table legend:
 A = Non-vault XP
 B = Vault XP
 C = Vault XP percentage of total XP
 D = Non-vault monster count
 E = Vault monster count
 F = Vault count percentage of total count
                 A         B        C        D         E       F
            +---------+---------+-------+---------+---------+-------
      Total |     174 |     138 |  44.2 |      69 |      17 |  19.8
            +---------+---------+-------+---------+---------+-------
        D:1 |      31 |       0 |   0.0 |      18 |       0 |   0.0
        D:2 |      37 |       0 |   0.0 |      21 |       0 |   0.0
        D:3 |     101 |     138 |  57.7 |      27 |      17 |  38.6
        D:4 |       5 |       0 |   0.0 |       3 |       0 |   0.0
            +---------+---------+-------+---------+---------+-------
